 Dungeon Crawl Stone Soup version 0.22-a0-799-g88f5e907b7 (webtiles) character file.

21 Holzbalken the Chiller (level 2, -2/19 HPs)
             Began as a Merfolk Ice Elementalist on July 21, 2018.
             Slain by an adder (4 damage)
             ... on level 2 of the Dungeon.
             The game lasted 00:05:11 (963 turns).

Holzbalken the Chiller (Merfolk Ice Elementalist)    Turns: 963, Time: 00:05:12

Health: -2/19      AC:  8    Str:  8    XL:     2   Next: 87%
Magic:  5/5        EV:  3    Int: 14    God:
Gold:   48         SH:  0    Dex: 14    Spells: 4/5 levels left

rFire    . . .     SeeInvis .   m - -2 mace (curse)
rCold    . . .     Gourm    .   (no shield)
rNeg     . . .     Faith    .   o - +0 chain mail
rPois    .         Spirit   .   (no helmet)
rElec    .         Reflect  .   (no cloak)
rCorr    .         Harm     .   (no gloves)
MR       .....                  (no boots)
Stlth    ..........             (no amulet)
HPRegen  0.06/turn              (no ring)
MPRegen  0.09/turn              (no ring)

@: no status effects
A: change form in water, swift swim, stealthy swim
a: no special abilities


You were on level 2 of the Dungeon.
You were not hungry.

You visited 1 branch of the dungeon, and saw 2 of its levels.

You collected 48 gold pieces.

Inventory:

Hand Weapons
 d - a +1 club
 m - a cursed -2 mace (weapon)
Armour
 a - a +0 robe
 o - a +0 chain mail (worn)
Potions
 e - 3 potions of brilliance
 g - a potion of agility {unknown}
 l - a potion of flight {unknown}
 n - a potion of magic {unknown}
Comestibles
 c - 3 rations


   Skills:
 + Level 3.1 Dodging
 - Level 2.1 Stealth
 * Level 2.4 Spellcasting
   Level 0.7 Conjurations
 * Level 3.7 Ice Magic


You had 4 spell levels left.
You knew the following spells:

 Your Spells              Type           Power        Failure   Level  Hunger
a - Freeze                Ice            ##..         100%        1    #......

Your spell library contained the following spells:

 Spells                   Type           Power        Failure   Level  Hunger
 Throw Frost              Conj/Ice       #.....       100%        2    ###....
 Summon Ice Beast         Ice/Summ       #.......     100%        4    #####..
 Ozocubu's Armour         Chrm/Ice       #.......     100%        3    ###....
 Throw Icicle             Conj/Ice       #.......     100%        4    #####..


Dungeon Overview and Level Annotations

Branches:
Dungeon (2/15)

Altars:


Message History

The bat hits you but does no damage.
Found 16 gold pieces.
The bat hits you but does no damage. x3; The adder bites you.
The bat hits you but does no damage.
The goblin shoots a stone.
The stone hits you.
* * * LOW HITPOINT WARNING * * *
You see here a stone.
The bat hits you but does no damage. The bat hits you.
* * * LOW HITPOINT WARNING * * *
A giant cockroach comes into view.
You see here 16 gold pieces.
The giant cockroach bites you but does no damage. x2
The adder bites you but does no damage.
You closely miss the giant cockroach. The bat barely misses you.
The adder bites you but does no damage. The giant cockroach barely misses you.
You hit the giant cockroach.
The giant cockroach is lightly wounded.
The bat hits you but does no damage. The adder bites you.
You die...

********,*,* *,****,*,,,**,**,,*
,,,,,,,,,#.# *,****,******,***,**
,*****,#.#.# *,,,,,,,,,,,,,,,,,,,
,* *,#.#.# *,,,,,,,,,,,,,****,*
,* *,#.#.# ******,*****,,* *,, ,*
*,#.#.# *,*,,,,,,* **, ,* #,#.#.#
#####+#.#**+******,
,#####.#.#.####.......#,,,,,,,,,,
,.....<#.#g.gg.S@s....#,,,,******
**####....#####.......#,,,,* *
,.........# #..b....#,,,,* *
*########.# #.......#,,,,* ****
#g# #.......#,,,,* *,,, #g#
#######.#***** *,,,
*########'#######****+#* *,,,
,................,,,,,,*******,,,
,................,,,,,,,,,,,,,,,,


You could see an adder, a giant cockroach, a hobgoblin, 2 goblins and a bat.

Vanquished Creatures
  2 leopard geckos (D:1)
  2 giant cockroaches (D:1)
  A goblin (D:1)
  4 hobgoblins (D:1)
  A ball python (D:1)
  4 bats (D:1)
  3 frilled lizards (D:1)
  A kobold (D:1)
  A rat (D:1)
19 creatures vanquished.

Notes
Turn   | Place    | Note
-------+----------+-------------------------------------------
     0 | D:1      | Holzbalken the Merfolk Ice Elementalist began the quest for the Orb.
     0 | D:1      | Reached XP level 1. HP: 13/13 MP: 3/3
   222 | D:1      | Reached XP level 2. HP: 18/19 MP: 3/5
   963 | D:2      | Slain by an adder

Vault maps used:
D:1:      dpeg_arrival_water_altar, minmay_misc_feat_square, moated_statue

Skill      XL: |  1  2 |
---------------+-------+-----
Dodging        | 3 |  3.1
Stealth        | |  2.1
Spellcasting   | |  2.4
Conjurations   | |  0.7
Ice Magic      | |  3.7

Action                   || total
-------------------------++-------
Melee: Club              ||     9
       Unarmed           ||     7
       Mace              ||    35
 Cast: Freeze            ||    23
  Use: Scroll            ||     6
  Eat: Chunk             ||     1
Armor: Robe              ||    11
       Chain mail        ||   103
Dodge: Dodged            ||    50

Table legend:
 A = Spawn XP
 B = Non-spawn XP
 C = Spawn XP percentage of total XP
 D = Spawn monster count
 E = Non-spawn monster count
 F = Spawn count percentage of total count
 G = Total turns spent on level
                    A         B        C        D         E        F      G
               +---------+---------+-------+---------+---------+-------+---------
         Total |       0 |      31 |   0.0 |       0 |      19 |   0.0 |   963
               +---------+---------+-------+---------+---------+-------+---------
           D:1 |       0 |      31 |   0.0 |       0 |      19 |   0.0 |   909
               +---------+---------+-------+---------+---------+-------+---------
